 Dungeon Crawl Stone Soup version 0.19.0-11-g3fc08b3 (webtiles) character file.

126 Kirk the Chopper (level 4, 0/33 HPs)
             Began as a Demonspawn Gladiator on Nov 8, 2016.
             Slain by Natasha (1 damage)
             ... on level 3 of the Dungeon.
             The game lasted 00:03:39 (2223 turns).

Kirk the Chopper (Demonspawn Gladiator)             Turns: 2223, Time: 00:03:39

Health: 0/33       AC:  3    Str: 20 (22) XL:     4   Next: 84%
Magic:  4/4        EV: 18    Int:  8 (9)  God:
Gold:   99         SH:  0    Dex: 15 (18) Spells: 0 memorised, 3 levels left

rFire  . . .     SeeInvis .     a - +0 war axe
rCold  . . .     Gourm    .     b - +0 leather armour
rNeg   . . .     Faith    .     (no shield)
rPois  .         Spirit   .     (helmet restricted)
rElec  .         Reflect  .     (no cloak)
rCorr  .         Harm     .     (no gloves)
MR     .....                    (no boots)
Stlth  ++........               (no amulet)
                                (no ring)
                                (no ring)

@: mighty, agile
A: horns 2, rot immunity
a: no special abilities


You were on level 3 of the Dungeon.
You were not hungry.

You visited 1 branch of the dungeon, and saw 3 of its levels.

You collected 99 gold pieces.

Inventory:

Hand Weapons
 a - a +0 war axe (weapon)
Missiles
 d - 3 throwing nets (quivered)
 p - 2 curare-tipped needles
 r - 13 poisoned needles
Armour
 b - a +0 leather armour (worn)
 c - a +0 helmet
Wands
 q - a wand of flame (31/48)
Scrolls
 e - 5 scrolls of identify {unknown}
 i - a scroll of recharging {unknown}
 j - 4 scrolls of teleportation {unknown}
 k - a scroll of immolation {unknown}
 m - a scroll of magic mapping {unknown}
 s - 2 scrolls of fear {unknown}
 u - a scroll of remove curse {unknown}
 v - 2 scrolls of enchant armour {unknown}
 y - a scroll of noise {unknown}
 A - a scroll of amnesia {unknown}
Potions
 g - a potion of brilliance
 h - 2 potions of agility
Comestibles
 f - 2 bread rations
 l - a meat ration
 o - 3 fruits
 w - a beef jerky
 x - a royal jelly
 z - 3 chunks of flesh


   Skills:
 - Level 2.0 Fighting
 + Level 4.7 Axes
 - Level 1.7 Throwing
 + Level 1.5 Armour
 - Level 2.6 Dodging


You had 3 spell levels left.
You didn't know any spells.

Dungeon Overview and Level Annotations

Branches:
Dungeon (3/15)

Altars:
Ashenzari

Annotations:
D:3 Natasha


Innate Abilities, Weirdness & Mutations

You have a pair of horns on your head.
You are immune to rotting.


Message History

You butcher the felid corpse of Natasha.
z - 3 chunks of flesh (gained 1)
You see here the felid skeleton of Natasha.
You start resting.
You feel a little less clever now.
Natasha, Servant of Life and Death comes into view.
Unknown command.
Natasha barely misses you.
You closely miss Natasha. You headbutt Natasha.
Natasha is moderately wounded.
Natasha closely misses you.
You slash Natasha!
Natasha is almost dead.
Natasha stares at you and mumbles some strange words.
The magic dart hits you!
* * * LOW HITPOINT WARNING * * *
You closely miss Natasha. Your headbutt misses Natasha.
Natasha is almost dead.
Natasha barely misses you. Natasha claws you.
You die...

..#...###.# .#
..........# ###.
........... ...
.......h... #.#
..<..#.....#####.####
...>................#
..#..#.....#####÷..##
..............##.#.#
.#.#.###..###.##@# #
...............h>#
.#..##.#.####.####
............<.#
.†.#.#.###.##.......
.....#...#.#######..
##.....#.........)
#...##.#.########.
#.#.##.#.#


You could see Natasha.

Vanquished Creatures
  Natasha (twice) (D:3)
  An adder (D:2)
  4 oozes
  3 dart slugs
  A leopard gecko (D:1)
  5 bats
  A giant cockroach (D:3)
  4 goblins
  6 hobgoblins
  4 jackals (D:2)
  A quokka (D:2)
  7 frilled lizards
  2 kobolds
  6 rats
47 creatures vanquished.

Notes
Turn   | Place    | Note
-------+----------+-------------------------------------------
     0 | D:1      | Kirk the Demonspawn Gladiator began the quest for the Orb.
     0 | D:1      | Reached XP level 1. HP: 16/16 MP: 1/1
    93 | D:1      | Reached skill level 3 in Axes
   199 | D:1      | Gained mutation: You have a pair of small horns on your head. [demonic ancestry]
   199 | D:1      | Reached XP level 2. HP: 16/22 MP: 2/2
   895 | D:1      | Gained mutation: You are immune to rotting. [demonic ancestry]
   895 | D:1      | Reached XP level 3. HP: 25/27 MP: 3/3
  1262 | D:2      | Reached skill level 4 in Axes
  1262 | D:2      | Reached skill level 1 in Armour
  1479 | D:2      | Found a shattered altar of Ashenzari.
  1622 | D:2      | Found a faded altar of an unknown god.
  2043 | D:3      | Gained mutation: You have a pair of horns on your head. [demonic ancestry]
  2043 | D:3      | Reached XP level 4. HP: 32/33 MP: 4/4
  2095 | D:3      | Noticed Natasha
  2100 | D:3      | Killed Natasha
  2128 | D:3      | Noticed Natasha
  2172 | D:3      | Killed Natasha
  2220 | D:3      | Noticed Natasha
  2222 | D:3      | HP: 1/33 [Natasha/magic dart (7)]
  2223 | D:3      | Slain by Natasha

Skill      XL: |  1  2  3 |
---------------+----------+-----
Axes           | 3 4 |  4.7
Armour         | 1 |  1.5
Fighting       | |  2.0
Throwing       | |  1.7
Dodging        | |  2.6

Action                   |  1- 3 |  4- 6 || total
-------------------------+-------+-------++-------
Melee: War axe           |    89 |    18 ||   107
       Headbutt          |    10 |     3 ||    13
  Use: Potion            |       |     4 ||     4
  Eat: Chunk             |     4 |       ||     4
Armor: Leather armour    |    19 |     3 ||    22
Dodge: Dodged            |    58 |    11 ||    69
